 Dungeon Crawl Stone Soup version 0.28-a0-224-g76b539d98b (webtiles) character file.

Game seed: 2410519530851809998

1103 Froggeryz the Slicer (level 8, -4/50 HPs)
             Began as an Octopode Brigand on Aug 21, 2021.
             Was an Initiate of Gozag.
             Slain by a sky beast (5 damage)
             ... on level 5 of the Dungeon.
             The game lasted 00:06:48 (5801 turns).

Froggeryz the Slicer (Octopode Brigand)             Turns: 5801, Time: 00:06:49

Health: -4/50      AC:  1    Str: 11    XL:     8   Next: 32%
Magic:  8/8        EV: 15    Int: 13    God:    Gozag
Gold:   75         SH:  5    Dex: 15    Spells: 7/7 levels left

rFire   . . .      SeeInvis .   e - +1 dagger (speed)
rCold   . . .      Faith    .   (no shield)
rNeg    . . .      Spirit   .   (helmet restricted)
rPois   .          Reflect  +   d - amulet of reflection
rElec   .          Harm     .   (no ring)
rCorr   .          Rampage  .   (no ring)
Will    .....                   (no ring)
Stlth   ++++......              (no ring)
HPRegen 0.16/turn               (no ring)
MPRegen 0.11/turn               (no ring)
                                (no ring)
                                (no ring)

@: flying
A: almost no armour, amphibious, 8 rings, camouflage 1, gelatinous body 1,
(nimble swimmer 1), tentacles
a: Renounce Religion, Potion Petition, Call Merchant, Bribe Branch


You were on level 5 of the Dungeon.
You worshipped Gozag.
Gozag was noncommittal.
You visited 2 branches of the dungeon, and saw 6 of its levels.

You collected 148 gold pieces.
You paid 73 gold pieces to Gozag.

Inventory:

Hand Weapons
 e - a +1 dagger of speed (weapon)
Missiles
 b - 10 poisoned darts (quivered)
Jewellery
 d - an amulet of reflection (around mantle)
Scrolls
 f - 2 scrolls of blinking
 i - a scroll of torment
 j - a scroll of brand weapon
 l - a scroll of teleportation
Potions
 a - a potion of attraction {unknown}
 g - a potion of invisibility {unknown}
 h - 2 potions of flight
 k - a potion of lignification {unknown}
 m - a potion of might {unknown}


   Skills:
 - Level 2.0 Fighting
 * Level 8.1 Short Blades
 - Level 2.0 Throwing
 + Level 5.4 Dodging
 - Level 5.3 Stealth


You had 7 spell levels left.
You didn't know any spells.
Your spell library was empty.

Dungeon Overview and Level Annotations

Branches:
Dungeon (5/15)             Temple (1/1) D:5

Altars:
Ashenzari
Cheibriados
Dithmenos
Elyvilon
Fedhas
Gozag
Kikubaaqudgha
Nemelex Xobeh
Okawaru
Qazlal
Ru
Sif Muna
Trog
Uskayaw
Wu Jian
Xom
Yredelemnul
The Shining One

Shops:
D:5 *

Annotations:
D:2 Terence


Innate Abilities, Weirdness & Mutations

You cannot wear most types of armour.
You are amphibious.
You can wear up to eight rings at the same time.
Your skin changes colour to match your surroundings (Stealth+).
Your rubbery body absorbs attacks. (AC +1, EV +1)
((You are camouflaged near water. (Stealth+)))
You have tentacles for arms and can constrict up to eight enemies at once.


Message History

The sky beast is lightly wounded.
The sky beast flickers out of sight!
Throw: 11 darts (poison)
Press: ? - help, Q - select action, (/) - cycle Shift-Dir - straight line, f - you Really target yourself?
Okay, then.
A sky beast appears from thin air!
The sky beast flickers out of sight!
Throw: 11 darts (poison)
Press: ? - help, Q - select action, (/) - cycle Shift-Dir - straight line You throw a poisoned dart.
Something hits you. Something shocks you.
You hit something. You closely miss something. Your squeeze misses something.
You closely miss something. Something hits you. Something shocks you.
You miss something. Your squeeze misses something. You hit something.
Your squeeze misses something. You block something's attack.
You hit something. Your squeeze misses something. You closely miss something.
You closely miss something. You block something's attack.
You hit something but do no damage. You miss something. Something hits you.
Something shocks you.
You hit something. You hit something but do no damage. You hit something.
Your squeeze misses something. Something hits you.
* * * LOW HITPOINT WARNING * * *
Something shocks you.
* * * LOW HITPOINT WARNING * * *
You hit something but do no damage. You miss something.
Your squeeze misses something. Something hits you.
* * * LOW HITPOINT WARNING * * *
Something shocks you.
* * * LOW HITPOINT WARNING * * *
It was a potion of flight.
You feel very buoyant.
You fly up into the air.
Something hits you.
* * * LOW HITPOINT WARNING * * *
Something shocks you.
You die...
Your body crumbles into a pile of gold.

...##............#
#.###........#.###
#......(.).....#
.............###
#.....##.##....#
####.##...#....#
.#.#####.......##
.............##.##
.####...$...({@#
####...#.#....#..#
#......##...######
......#######
.......# .....###
....## ..### ..##


There were no monsters in sight!

Vanquished Creatures
  A black bear (D:4)
  A centaur (D:5)
  2 ogres
  A phantom (D:4)
  A kobold brigand (D:3)
  A water moccasin skeleton (D:5)
  A gnoll shaman (D:5)
  2 orc priests (D:4)
  2 bullfrog skeletons
  2 hounds
  A centaur skeleton (D:5)
  3 iguanas
  An orc wizard (D:4)
  A killer bee zombie (D:5)
  2 hound zombies (D:5)
  Robin (D:2)
  5 adders
  3 gnolls (D:4)
  9 orcs
  4 bats
  5 endoplasms
  7 giant cockroaches
  20 goblins
  8 hobgoblins
  2 jackals (D:1)
  14 kobolds
  3 quokkas
  5 ball pythons
  A frilled lizard (D:3)
  5 rats
114 creatures vanquished.

Vanquished Creatures (others)
  16 plants (D:2)
16 creatures vanquished.

Grand Total: 130 creatures vanquished

Notes
Turn   | Place    | Note
-------+----------+-------------------------------------------
     0 | D:1      | Froggeryz the Octopode Brigand began the quest for the Orb.
     0 | D:1      | Reached XP level 1. HP: 14/14 MP: 1/1
    54 | D:1      | Reached XP level 2. HP: 4/19 MP: 2/2
   478 | D:1      | Found a faded altar of an unknown god.
   721 | D:1      | Reached skill level 3 in Short Blades
   721 | D:1      | Reached XP level 3. HP: 19/24 MP: 3/3
  1065 | D:2      | Noticed an ogre
  1073 | D:2      | Killed an ogre
  1074 | D:2      | Reached skill level 4 in Short Blades
  1074 | D:2      | Reached XP level 4. HP: 29/29 MP: 4/4
  1186 | D:2      | Reached XP level 5. HP: 28/34 MP: 5/5
  1316 | D:2      | Noticed Robin
  1321 | D:2      | Noticed Terence
  1645 | D:2      | Killed Robin
  2543 | D:3      | Noticed an ogre
  2575 | D:3      | Killed an ogre
  2576 | D:3      | Reached skill level 5 in Short Blades
  2576 | D:3      | Reached XP level 6. HP: 35/39 MP: 6/6
  3532 | D:4      | Reached skill level 6 in Short Blades
  3646 | D:4      | Reached XP level 7. HP: 19/45 MP: 7/7
  4375 | D:4      | Found a snail-covered altar of Cheibriados.
  4385 | D:4      | Reached skill level 7 in Short Blades
  4706 | D:5      | Entered Level 5 of the Dungeon
  4750 | D:5      | Found a staircase to the Ecumenical Temple.
  4763 | Temple   | Entered the Ecumenical Temple
  5076 | Temple   | Became a worshipper of Gozag Ym Sagoz the Greedy
  5175 | D:5      | Found Icvazek's CLEARANCE SALE! EVERYTHING MUST GO!.
  5210 | D:5      | Reached XP level 8. HP: 50/50 MP: 8/8
  5242 | D:5      | Reached skill level 5 in Dodging
  5681 | D:5      | Reached skill level 8 in Short Blades
  5800 | D:5      | HP: 2/50 [something (5)]
  5801 | D:5      | Slain by a sky beast

Illustrated notes

Levels and vault maps discovered:
D:1:      ncdulo_watergridlock, layout_rooms, chequers_ecumenical_altar_island,
          nrook_campfire
D:2:      layout_basic, serial_forest, infiniplex_forest_straight_4,
          infiniplex_forest_clump_small, infiniplex_forest_clump_long,
          infiniplex_forest_straight_2, infiniplex_forest_clump_long,
          infiniplex_forest_clump_cross, infiniplex_forest_straight_2,
          infiniplex_forest_lined_room_2, minivault_4, minmay_tetromino_s2,
          uniq_terence, uniq_robin
D:3:      cheibrodos_thug_alley, layout_basic
D:4:      layout_basic, minmay_ruined_shrine
D:5:      minmay_spotlight, layout_cave_pools, minmay_temple_entry_mist,
          hangedman_decor_lopped, st_stairs_5, nicolae_shop_clearance
Temple:   dpeg_five_rooms_temple

Skill      XL: |  1  2  3  4  5  6  7  8 |
---------------+-------------------------+-----
Short Blades   | 3 4 5 6 7 8 |  8.1
Dodging        | 2 3 4 5 |  5.4
Fighting       | |  2.0
Throwing       | |  2.0
Stealth        | |  5.3

Action                   |  1- 3 |  4- 6 |  7- 9 || total
-------------------------+-------+-------+-------++-------
Melee: Dagger            |    42 |   157 |   150 ||   349
       Tentacles         |    11 |    33 |    38 ||    82
       Constrict         |    10 |    33 |    28 ||    71
Throw: Dart              |       |    10 |    20 ||    30
  Use: Scroll            |     3 |       |     5 ||     8
       Potion            |       |     1 |     1 ||     2
 Stab: Sleeping          |     4 |     9 |     3 ||    16
       Distracted        |       |       |     1 ||     1
Armor: Skin              |     1 |     3 |     2 ||     6
Dodge: Dodged            |    25 |    64 |    51 ||   140
Block: Other             |       |       |    17 ||    17

Table legend: (Time is in decaauts)
 A = Elapsed time spent in this place.
 B = Non-inter-level travel time spent in this place.
 C = Inter-level travel time spent in this place.
 D = Time resting spent in this place.
 E = Time spent auto-exploring this place.
 F = Levels seen in this place.
 G = Mean time per level.
                   A        B        C        D        E       F      G
               +--------+--------+--------+--------+--------+-----+--------+
         Total |   5631 |   5416 |    215 |   1255 |   3204 |   6 |  938.5 |
       Dungeon |   5284 |   5155 |    129 |   1255 |   2957 |   5 | 1056.8 |
        Temple |    346 |    260 |     86 |      0 |    247 |   1 |  346.0 |
               +--------+--------+--------+--------+--------+-----+--------+

Top non-repeatable levels by time:
     D:4: 1435 daAuts
     D:2: 1327 daAuts
     D:1: 1156 daAuts
     D:3: 869 daAuts
     D:5: 496 daAuts
  Temple: 346 daAuts
